[Event "DFMMLV 2019"]
[Site "Braunfels"]
[Date "2019.06.21"]
[Round "2.11"]
[White "Daemering, Katrin"]
[Black "Bluebaum, Johanna"]
[Result "1/2-1/2"]
[ECO "A08"]
[WhiteElo "2003"]
[BlackElo "2003"]
[Annotator "NA RC"]
[PlyCount "102"]
[EventDate "2019.06.20"]
[EventType "team-tourn"]
[EventCountry "GER"]
[SourceTitle "playchess.com"]
[Source "ChessBase"]
[SourceQuality "1"]
[WhiteTeam "Sachsen"]
[BlackTeam "Hessen 1"]
[TimeControl "40/5400+30:1800+30"]

1. Nf3 d5 2. g3 e6 3. Bg2 Nf6 4. d3 c5 5. Nbd2 Nc6 6. O-O Be7 7. e4 O-O 8. Re1 b6 9. e5 Nd7 10. Nf1 Qc7 11. Bf4 Ba6 12. h4 Rac8 {[%emt 0:04:37] C00: French: Unusual White 2nd moves} (12... Rfd8 13. N1h2 Nf8 14. h5 h6 15. Ng4 Nh7 16. Qd2 Bf8 17. Nh4 Rac8 18. Ng6 fxg6 19. hxg6 Qe7 20. gxh7+ Kxh7 {1-0 (42) Vorobiov,E (2555)-Ulziikhishigjargal,O (1941) Pavlodar 2017}) 13. N1h2 Rfd8 14. Bh3 $146 ({Predecessor:} 14. Ng5 h6 15. Nxf7 Kxf7 16. Bxd5 Nf8 17. Be4 Ke8 18. Qh5+ {1-0 (51) Shiomi,R (2072)-Abdul Adhim,M (2202) Mallorca 2004}) 14... Nf8 15. h5 d4 16. a3 c4 17. Ng4 cxd3 18. cxd3 Rd5 19. b4 Qd8 20. Rc1 Nb8 21. Bg2 Rxc1 22. Bxc1 Rd7 23. Bb2 Bb7 24. Nd2 Bxg2 25. Kxg2 Qc8 26. Nb3 Qa6 27. Nxd4 h6 28. Qe2 b5 29. Rc1 Bd8 30. Qe4 Rc7 31. Rxc7 Bxc7 32. Nb3 Nfd7 33. d4 Nb6 34. Nc5 Qc8 35. Ne3 Qd8 36. f4 Nd5 37. Nxd5 Qxd5 38. Qxd5 exd5 39. f5 Nc6 40. Kf3 Bd8 41. Ke2 Kf8 42. Kd2 Bg5+ 43. Kd3 Ke8 44. Nb3 Be7 $18 45. Bc1 Bf8 46. Kc3 Nb8 47. Bf4 Nd7 48. Nc1 Nb6 49. Ne2 Nc4 50. Kb3 Kd7 51. Nc3 Kc6 1/2-1/2

[Event "DFMMLV 2019"]
[Site "Braunfels"]
[Date "2019.06.21"]
[Round "2.12"]
[White "Lukas, Anne"]
[Black "Nagel, Verena"]
[Result "0-1"]
[ECO "D00"]
[WhiteElo "1842"]
[BlackElo "2029"]
[Annotator "NA RC"]
[PlyCount "72"]
[EventDate "2019.06.20"]
[EventType "team-tourn"]
[EventCountry "GER"]
[SourceTitle "playchess.com"]
[Source "ChessBase"]
[SourceQuality "1"]
[WhiteTeam "Hessen 1"]
[BlackTeam "Sachsen"]
[TimeControl "40/5400+30:1800+30"]

1. d4 d5 2. Nd2 g6 3. Ngf3 Bg7 4. e3 e6 5. Bd3 Ne7 6. c3 Nd7 7. e4 dxe4 8. Nxe4 O-O 9. Bf4 Nd5 10. Bg5 f6 11. Bh4 g5 12. Bg3 g4 13. Nfd2 f5 14. Qe2 fxe4 15. Nxe4 Nf4 16. Bxf4 Rxf4 17. g3 Rf3 18. Nd2 Rxd3 19. Qxd3 Qg5 20. f4 gxf3 21. Nxf3 Qf5 22. Qe2 b6 23. Rf1 Nf6 24. O-O-O Bb7 25. Nd2 Qd5 26. c4 Qxd4 27. Rf4 Qd7 28. Ne4 Qe7 29. Nxf6+ Bxf6 30. Qg4+ Bg7 31. Rdf1 Rd8 32. Qh5 Qd7 33. R1f2 Bh6 34. Qg4+ Kh8 35. Qe2 Be4 36. b3 Qd4 0-1

[Event "DFMMLV 2019"]
[Site "Braunfels"]
[Date "2019.06.21"]
[Round "2.13"]
[White "Just, Anita"]
[Black "Frank, Michelle Viviane"]
[Result "1-0"]
[ECO "C14"]
[WhiteElo "1866"]
[BlackElo "1915"]
[Annotator "NA RC"]
[PlyCount "121"]
[EventDate "2019.06.20"]
[EventType "team-tourn"]
[EventCountry "GER"]
[SourceTitle "playchess.com"]
[Source "ChessBase"]
[SourceQuality "1"]
[WhiteTeam "Sachsen"]
[BlackTeam "Hessen 1"]
[TimeControl "40/5400+30:1800+30"]

1. e4 e6 2. d4 d5 3. Nc3 Nf6 4. Bg5 Be7 5. e5 Nfd7 6. Bxe7 Qxe7 7. f4 a6 8. Nf3 c5 9. Qd2 Nc6 10. dxc5 Qxc5 11. O-O-O b5 12. Kb1 b4 13. Na4 Qa5 14. b3 Nc5 15. Nxc5 Qxc5 16. f5 h6 17. h4 a5 18. h5 exf5 19. Qxd5 Qxd5 20. Rxd5 O-O 21. Rd6 Ne7 22. Bc4 f4 23. Rd4 Be6 24. Rxf4 Nd5 25. Bxd5 Bxd5 26. Rd4 Be6 27. Rhd1 Rfc8 28. R1d2 Kh7 29. Ne1 Rc3 30. R2d3 Rc5 31. Re3 Rac8 32. g4 Rb5 33. Nd3 Rc3 34. Re2 Rd5 35. Ree4 Rb5 36. Rf4 Rb7 37. Kb2 Rbc7 38. Rf2 Rc8 39. Rg2 R8c6 40. Rf2 Rc7 41. Rg2 Bc8 42. Kb1 Be6 43. Nf4 Re3 44. Re2 Rg3 45. Nxe6 fxe6 46. Kb2 Rg1 47. a3 bxa3+ 48. Kxa3 g6 49. Ka4 gxh5 50. gxh5 Rg5 51. Kxa5 Rc5+ 52. Kb6 Rcxe5 53. Rd7+ Kg8 54. Rxe5 Rxe5 55. b4 Rxh5 56. b5 Kf8 57. c4 Ke8 58. Rd1 Rh2 59. c5 Ke7 60. c6 Rh1 61. Rxh1 1-0

[Event "DFMMLV 2019"]
[Site "Braunfels"]
[Date "2019.06.21"]
[Round "2.14"]
[White "Werner, Rosalie"]
[Black "Lowke, Kathrin"]
[Result "0-1"]
[ECO "B36"]
[WhiteElo "1610"]
[BlackElo "1887"]
[Annotator "NA RC"]
[PlyCount "84"]
[EventDate "2019.06.20"]
[EventType "team-tourn"]
[EventCountry "GER"]
[SourceTitle "playchess.com"]
[Source "ChessBase"]
[SourceQuality "1"]
[WhiteTeam "Hessen 1"]
[BlackTeam "Sachsen"]
[TimeControl "40/5400+30:1800+30"]

1. e4 c5 2. Nf3 Nc6 3. d4 cxd4 4. Nxd4 g6 5. c4 Bg7 6. Be3 Nf6 7. Nc3 O-O 8. Be2 d6 9. f3 Nxd4 10. Bxd4 Be6 11. Qd2 Qa5 12. O-O Rfc8 13. b3 a6 14. a4 Rc6 15. Rfc1 Rac8 16. Qb2 Qg5 17. a5 h5 18. Na4 h4 19. Nb6 Re8 20. Kh1 Bh6 21. Rd1 Nh5 22. Ra2 Nf4 23. Bf1 Qh5 24. Qf2 g5 25. g3 hxg3 26. Qxg3 f6 27. Nd5 Kf7 28. Nxf4 gxf4 29. Qf2 Rg8 30. Be2 Rcc8 31. Raa1 Rg6 32. Bc3 Rh8 33. Rg1 Bg5 34. Bd3 Rgh6 35. Ra2 Bh3 36. Bf1 Bxf1 37. Rxf1 Bh4 38. Qe2 Bg3 39. Rf2 Bxf2 40. Qxf2 Rg6 41. Ra1 Rg3 42. Rf1 Rh3 0-1

[Event "DFMMLV 2019"]
[Site "Braunfels"]
[Date "2019.06.21"]
[Round "2.15"]
[White "von Keyserlingk, Chanda"]
[Black "Pralle, Katharina"]
[Result "1-0"]
[ECO "D36"]
[WhiteElo "1702"]
[BlackElo "1971"]
[Annotator "NA RC"]
[PlyCount "57"]
[EventDate "2019.06.20"]
[EventType "team-tourn"]
[EventCountry "GER"]
[SourceTitle "playchess.com"]
[Source "ChessBase"]
[SourceQuality "1"]
[WhiteTeam "Sachsen"]
[BlackTeam "Hessen 1"]
[TimeControl "40/5400+30:1800+30"]

1. d4 d5 2. c4 e6 3. Nc3 Nf6 4. cxd5 exd5 5. Bg5 Be7 6. e3 O-O 7. Bd3 c6 8. Nge2 Nbd7 9. Qc2 h6 10. Bh4 Re8 11. O-O Nf8 12. Rad1 g5 13. Bg3 Bd6 14. e4 dxe4 15. Nxe4 Nxe4 16. Bxe4 f5 17. Bxd6 Qxd6 18. Bd3 f4 19. Bc4+ Kg7 20. Rfe1 Qf6 21. d5 f3 22. Ng3 Rxe1+ 23. Rxe1 Qg6 24. Qc3+ Kf7 25. dxc6+ Be6 26. cxb7 Rb8 27. Qxf3+ Qf6 28. Bxe6+ Nxe6 29. Qc6 1-0

[Event "DFMMLV 2019"]
[Site "Braunfels"]
[Date "2019.06.21"]
[Round "2.16"]
[White "Heymann-Lobzhanidze, Anna-Luise"]
[Black "Gottschall, Ina"]
[Result "1-0"]
[ECO "B06"]
[WhiteElo "1950"]
[BlackElo "1637"]
[Annotator "NA RC"]
[PlyCount "57"]
[EventDate "2019.06.20"]
[EventType "team-tourn"]
[EventCountry "GER"]
[SourceTitle "playchess.com"]
[Source "ChessBase"]
[SourceQuality "1"]
[WhiteTeam "Hessen 1"]
[BlackTeam "Sachsen"]
[TimeControl "40/5400+30:1800+30"]

1. e4 g6 2. d4 Bg7 3. Nc3 d6 4. Be3 Nf6 5. f3 c6 6. Qd2 O-O 7. O-O-O b5 8. Bh6 b4 9. Nce2 Qa5 10. Kb1 Be6 11. Nc1 Nbd7 12. h4 Nb6 13. g4 Na4 14. Nb3 Bxb3 15. cxb3 Nc3+ 16. bxc3 bxc3 17. Qc2 Bxh6 18. g5 Nd7 19. gxh6 c5 20. dxc5 Nxc5 21. Bc4 Rab8 22. Ne2 Na4 23. Rd5 Qb4 24. Ka1 Nc5 25. Qxc3 Qxc3+ 26. Nxc3 Nd7 27. f4 Rfc8 28. Rb5 Nb6 29. Nd5 1-0

[Event "DFMMLV 2019"]
[Site "Braunfels"]
[Date "2019.06.21"]
[Round "2.17"]
[White "Khrapko, Marharyta"]
[Black "Zimmer, Elke"]
[Result "1-0"]
[ECO "C64"]
[WhiteElo "2074"]
[BlackElo "1926"]
[Annotator "NA RC"]
[PlyCount "89"]
[EventDate "2019.06.20"]
[EventType "team-tourn"]
[EventCountry "GER"]
[SourceTitle "playchess.com"]
[Source "ChessBase"]
[SourceQuality "1"]
[WhiteTeam "Bayern 1"]
[BlackTeam "Saarland"]
[TimeControl "40/5400+30:1800+30"]

1. e4 e5 2. Nf3 Nc6 3. Bb5 Bc5 4. O-O d6 5. c3 Bd7 6. d4 exd4 7. cxd4 Bb4 8. Bg5 f6 9. Be3 Ba5 10. Nh4 g6 11. f4 f5 12. g3 Qe7 13. Nc3 Nf6 14. d5 Nb8 15. e5 Bxb5 16. Nxb5 O-O 17. Qb3 Ne4 18. Nf3 Nd7 19. Rac1 Rfc8 20. a3 Ndc5 21. Qc4 a6 22. Nbd4 b5 23. Qa2 Bb6 24. Nc6 Qe8 25. Nfd4 Nd3 26. Rcd1 Ndc5 27. Rfe1 Kg7 28. Qa1 Qf7 29. b3 Kh6 30. e6 Qf6 31. Kg2 Re8 32. Bc1 Nxe6 33. dxe6 Bxd4 34. Rxd4 Qxe6 35. Qb2 a5 36. Rdd1 Ra6 37. Nd4 Qf6 38. Nxb5 Qxb2+ 39. Bxb2 Rc6 40. Rc1 Rb6 41. a4 c6 42. Nd4 c5 43. Nb5 Re7 44. h3 g5 45. Bf6 1-0

[Event "DFMMLV 2019"]
[Site "Braunfels"]
[Date "2019.06.21"]
[Round "2.18"]
[White "Noll, Sonja"]
[Black "Siegl, Melina"]
[Result "1/2-1/2"]
[ECO "B40"]
[WhiteElo "1777"]
[BlackElo "2029"]
[Annotator "NA RC"]
[PlyCount "45"]
[EventDate "2019.06.20"]
[EventType "team-tourn"]
[EventCountry "GER"]
[SourceTitle "playchess.com"]
[Source "ChessBase"]
[SourceQuality "1"]
[WhiteTeam "Saarland"]
[BlackTeam "Bayern 1"]
[TimeControl "40/5400+30:1800+30"]

1. e4 c5 2. Nf3 e6 3. d4 cxd4 4. Nxd4 Nf6 5. Bd3 a6 6. O-O Qc7 7. f4 d6 8. Nf3 Nbd7 9. c4 Nc5 10. Nc3 Nxd3 11. Qxd3 Be7 12. b3 Nd7 13. Bb2 O-O 14. Rad1 b6 15. Na4 Nc5 16. Nxc5 dxc5 17. Ne5 Rd8 18. Qg3 Bf6 19. Rxd8+ Bxd8 20. Ng4 Kh8 21. Rd1 f6 22. Qh4 Bb7 23. Qh5 1/2-1/2

[Event "DFMMLV 2019"]
[Site "Braunfels"]
[Date "2019.06.21"]
[Round "2.19"]
[White "Stangl, Anita"]
[Black "Ramm, Madlen"]
[Result "1-0"]
[ECO "B01"]
[WhiteElo "2010"]
[BlackElo "1733"]
[Annotator "NA RC"]
[PlyCount "107"]
[EventDate "2019.06.20"]
[EventType "team-tourn"]
[EventCountry "GER"]
[SourceTitle "playchess.com"]
[Source "ChessBase"]
[SourceQuality "1"]
[WhiteTeam "Bayern 1"]
[BlackTeam "Saarland"]
[TimeControl "40/5400+30:1800+30"]

1. e4 d5 2. exd5 Qxd5 3. Nf3 Nf6 4. Nc3 Qa5 5. Be2 c6 6. O-O Bf5 7. d4 e6 8. a3 {[%emt 0:04:20] B01: Scandinavian Defence} (8. Re1 Bb4 9. Bd2 Nbd7 10. a3 Bxc3 11. Bxc3 Qc7 12. b3 O-O 13. Bb2 Rad8 14. Qc1 h6 15. h3 Rfe8 16. c4 {1-0 (49) Gashimov,V (2740)-Nakamura,H (2710) Mainz 2009}) 8... Bd6 9. h3 O-O 10. Bd2 $146 ({Predecessor:} 10. Nh4 Bg6 11. Nxg6 hxg6 12. Be3 Nbd7 13. b4 Qc7 14. Bf3 Nb6 15. Qe2 Bh2+ {1-0 (49) Apanaviciute,K (1962)-Semonaviciute,A (1738) Vilnius 2014}) 10... Qc7 11. Nh4 Bg6 12. Nxg6 hxg6 13. Bd3 Nbd7 14. Qf3 Nb6 15. Bg5 Nbd5 16. Ne2 Nh7 17. Bd2 Rac8 18. c4 Ndf6 19. Rfe1 Rfd8 20. b4 Be7 21. Bf4 Bd6 22. Be3 Be7 23. g4 Nd7 24. Qg2 Nb6 25. Bf4 Qd7 26. Rad1 Bf6 27. Be3 Na4 28. Rd2 Nb6 29. f4 Re8 30. g5 Bd8 31. h4 Bc7 32. Qe4 Nf8 33. Qf3 Rcd8 34. Ng3 Nc8 35. h5 Nd6 36. hxg6 fxg6 37. c5 Nf5 38. Nxf5 gxf5 39. Qh3 g6 40. Bc4 Qh7 41. Qg3 Kf7 42. b5 Nd7 43. Rh2 Qg7 44. bxc6 bxc6 45. Qf3 Nb8 46. Rd1 Rh8 47. Rxh8 Qxh8 48. Kg2 Qh5 49. Rb1 $18 Qxf3+ 50. Kxf3 Rd7 51. Rh1 Kg7 52. Bxe6 Re7 53. d5 cxd5 54. Bd4+ 1-0

[Event "DFMMLV 2019"]
[Site "Braunfels"]
[Date "2019.06.21"]
[Round "2.20"]
[White "Fuchs, Emily"]
[Black "Ankerst, Milka"]
[Result "0-1"]
[ECO "B21"]
[WhiteElo "1384"]
[BlackElo "2005"]
[Annotator "NA RC"]
[PlyCount "54"]
[EventDate "2019.06.20"]
[EventType "team-tourn"]
[EventCountry "GER"]
[SourceTitle "playchess.com"]
[Source "ChessBase"]
[SourceQuality "1"]
[WhiteTeam "Saarland"]
[BlackTeam "Bayern 1"]
[TimeControl "40/5400+30:1800+30"]

1. e4 c5 2. d4 cxd4 3. c3 d3 4. Bxd3 Nc6 5. Nf3 d6 6. Na3 g6 7. O-O Bg7 8. Be3 Nf6 9. Nb5 O-O 10. Qe2 Bd7 11. Rfd1 a6 12. Nbd4 Qc7 13. Rac1 Rac8 14. b4 Ng4 15. Bd2 Nge5 16. b5 Nxd3 17. Qxd3 Ne5 18. Nxe5 dxe5 19. b6 Qxb6 20. Nf3 Be6 21. a3 Rfd8 22. Qe3 Qxe3 23. Bxe3 f6 24. Rxd8+ Rxd8 25. h3 Kf7 26. Nd2 f5 27. f3 f4 0-1

[Event "DFMMLV 2019"]
[Site "Braunfels"]
[Date "2019.06.21"]
[Round "2.21"]
[White "Mehling, Katharina"]
[Black "Huppert, Anna"]
[Result "1-0"]
[ECO "C06"]
[WhiteElo "1974"]
[BlackElo "1515"]
[Annotator "NA RC"]
[PlyCount "77"]
[EventDate "2019.06.20"]
[EventType "team-tourn"]
[EventCountry "GER"]
[SourceTitle "playchess.com"]
[Source "ChessBase"]
[SourceQuality "1"]
[WhiteTeam "Bayern 1"]
[BlackTeam "Saarland"]
[TimeControl "40/5400+30:1800+30"]

1. e4 e6 2. d4 d5 3. Nd2 Nf6 4. e5 Nfd7 5. Bd3 c5 6. c3 Nc6 7. Ne2 cxd4 8. cxd4 f6 9. exf6 Nxf6 10. Nf3 Bd6 11. O-O Qc7 12. Nc3 a6 13. Bd2 Bd7 14. Rc1 Rc8 15. Re1 O-O 16. Na4 Rce8 17. Ne5 Qb8 18. Nxd7 Nxd7 19. Qh5 Nf6 20. Qh4 e5 21. dxe5 Nxe5 22. Bb1 Neg4 23. Bxh7+ Nxh7 24. Qxg4 Bxh2+ 25. Kf1 Rxe1+ 26. Bxe1 Nf6 27. Qe6+ Kh8 28. Qh3+ Nh7 29. Nc5 Qc7 30. Rc3 Qb6 31. Qxh2 Rf6 32. Rh3 Qb5+ 33. Kg1 Qxc5 34. Rxh7+ Kg8 35. Rh8+ Kf7 36. Qh5+ Rg6 37. Bc3 Qc6 38. Qf5+ Ke7 39. Bb4+ 1-0

[Event "DFMMLV 2019"]
[Site "Braunfels"]
[Date "2019.06.21"]
[Round "2.22"]
[White "Weinmann, Helene"]
[Black "Braun, Kristin"]
[Result "0-1"]
[ECO "A48"]
[WhiteElo "1522"]
[BlackElo "1895"]
[Annotator "NA RC"]
[PlyCount "100"]
[EventDate "2019.06.20"]
[EventType "team-tourn"]
[EventCountry "GER"]
[SourceTitle "playchess.com"]
[Source "ChessBase"]
[SourceQuality "1"]
[WhiteTeam "Saarland"]
[BlackTeam "Bayern 1"]
[TimeControl "40/5400+30:1800+30"]

1. d4 Nf6 2. Nf3 g6 3. Bf4 Bg7 4. e3 d6 5. c4 O-O 6. Nc3 Nbd7 7. Bd3 c5 8. O-O Re8 9. Re1 b6 10. d5 Ng4 11. Rc1 Nge5 12. Be2 Nxf3+ 13. Bxf3 Ne5 14. Be2 a6 15. e4 Rb8 16. b3 Bd7 17. Qd2 b5 18. cxb5 axb5 19. Nd1 Ra8 20. Rc2 Qa5 21. Qxa5 Rxa5 22. Bd2 Ra7 23. Nc3 b4 24. Nd1 Rea8 25. Ne3 h5 26. Nc4 Nxc4 27. Bxc4 Rxa2 28. Rxa2 Rxa2 29. Be3 Bc3 30. Rd1 Bc8 31. Bb5 Ba6 32. Bxa6 Rxa6 33. g3 Ra2 34. Rb1 Kf8 35. Kg2 Ke8 36. Kf3 Kd7 37. h4 Kc7 38. g4 hxg4+ 39. Kxg4 Ra1 40. Rxa1 Bxa1 41. Kg5 c4 42. bxc4 b3 43. Bc1 b2 44. Bxb2 Bxb2 45. f4 Bf6+ 46. Kg4 Kb6 47. h5 gxh5+ 48. Kxh5 Kc5 49. Kg4 Kxc4 50. Kf3 Kd4 0-1

[Event "DFMMLV 2019"]
[Site "Braunfels"]
[Date "2019.06.21"]
[Round "2.23"]
[White "Woniak, Katarzyna"]
[Black "Alhassan, Jodi"]
[Result "1-0"]
[ECO "D13"]
[WhiteElo "1915"]
[BlackElo "1108"]
[Annotator "NA RC"]
[PlyCount "53"]
[EventDate "2019.06.20"]
[EventType "team-tourn"]
[EventCountry "GER"]
[SourceTitle "playchess.com"]
[Source "ChessBase"]
[SourceQuality "1"]
[WhiteTeam "Bayern 1"]
[BlackTeam "Saarland"]
[TimeControl "40/5400+30:1800+30"]

1. d4 d5 2. c4 c6 3. cxd5 cxd5 4. Nc3 Nf6 5. Nf3 Nc6 6. g3 Bg4 7. Bg2 e6 8. O-O Be7 9. e3 O-O 10. b3 Bb4 11. Ne2 Ne4 12. h3 Nc3 13. Nxc3 Bxc3 14. hxg4 Bxa1 15. Ba3 Bc3 16. Bxf8 Qxf8 17. g5 Rc8 18. Nh2 Qe7 19. Qh5 Nb4 20. a3 Nc6 21. b4 a6 22. Rb1 b5 23. Bf1 g6 24. Qh4 Rc7 25. Ng4 Kf8 26. Nf6 h5 27. gxh6 1-0

[Event "DFMMLV 2019"]
[Site "Braunfels"]
[Date "2019.06.21"]
[Round "2.25"]
[White "Braeutigam, Irina"]
[Black "Hess, Olena"]
[Result "1/2-1/2"]
[ECO "A10"]
[WhiteElo "1973"]
[BlackElo "2097"]
[Annotator "NA RC"]
[PlyCount "24"]
[EventDate "2019.06.20"]
[EventType "team-tourn"]
[EventCountry "GER"]
[SourceTitle "playchess.com"]
[Source "ChessBase"]
[SourceQuality "1"]
[WhiteTeam "Schleswig Holstein"]
[BlackTeam "NRW"]
[TimeControl "40/5400+30:1800+30"]

1. c4 d6 2. Nc3 c5 3. g3 Nc6 4. Bg2 g6 5. e3 Bg7 6. Nge2 Nf6 7. d4 cxd4 8. Nxd4 Bd7 9. Qd2 O-O 10. O-O Qb6 11. b3 Rfe8 12. Bb2 Qa5 1/2-1/2

[Event "DFMMLV 2019"]
[Site "Braunfels"]
[Date "2019.06.21"]
[Round "2.26"]
[White "Plass, Mariana-Camelia"]
[Black "Glinzner, Alva"]
[Result "0-1"]
[ECO "A40"]
[WhiteElo "2042"]
[BlackElo "1833"]
[Annotator "NA RC"]
[PlyCount "90"]
[EventDate "2019.06.20"]
[EventType "team-tourn"]
[EventCountry "GER"]
[SourceTitle "playchess.com"]
[Source "ChessBase"]
[SourceQuality "1"]
[WhiteTeam "NRW"]
[BlackTeam "Schleswig Holstein"]
[TimeControl "40/5400+30:1800+30"]

1. d4 Nf6 2. c4 e6 3. g3 d5 4. Bg2 Be7 5. Nf3 Nbd7 6. O-O O-O 7. Qc2 b6 8. Nbd2 Bb7 9. b3 c5 10. Bb2 Rc8 11. Ne5 Nxe5 12. dxe5 Nd7 13. Rad1 Qc7 14. cxd5 exd5 15. Bh3 Rcd8 16. e6 Nf6 17. exf7+ Kxf7 18. Nf3 Kg8 19. Ng5 d4 20. Qc4+ Kh8 21. Bg2 Bxg2 22. Kxg2 Qc6+ 23. Kg1 Nd5 24. Nf3 Qf6 25. a3 Qf5 26. Kg2 Qg6 27. Bc1 Nc3 28. Rde1 Qc6 29. Qd3 b5 30. Bf4 c4 31. Qc2 Bxa3 32. Kg1 Bb4 33. Ne5 Qe6 34. bxc4 bxc4 35. h4 Nd5 36. Rb1 Bc3 37. Qc1 a5 38. e4 dxe3 39. Nxc4 Nxf4 40. Qxe3 Ne2+ 41. Kh2 Qxc4 42. Rfd1 Bd4 43. Qg5 Rxf2+ 44. Kh3 Qc8+ 45. g4 Qc3+ 0-1

[Event "DFMMLV 2019"]
[Site "Braunfels"]
[Date "2019.06.21"]
[Round "2.27"]
[White "Leib, Britta"]
[Black "Sokolskaja, Victorjja"]
[Result "1/2-1/2"]
[ECO "B10"]
[WhiteElo "1884"]
[BlackElo "1961"]
[Annotator "NA RC"]
[PlyCount "30"]
[EventDate "2019.06.20"]
[EventType "team-tourn"]
[EventCountry "GER"]
[SourceTitle "playchess.com"]
[Source "ChessBase"]
[SourceQuality "1"]
[WhiteTeam "Schleswig Holstein"]
[BlackTeam "NRW"]
[TimeControl "40/5400+30:1800+30"]

1. e4 c6 2. Nf3 d5 3. Nc3 dxe4 4. Nxe4 Bg4 5. h3 Bh5 6. Ng3 Bxf3 7. Qxf3 Nf6 8. Bc4 e6 9. c3 Qc7 10. d4 Nbd7 11. O-O Bd6 12. Re1 O-O 13. Nh5 Nxh5 14. Qxh5 Nf6 15. Qh4 Qd8 1/2-1/2

[Event "DFMMLV 2019"]
[Site "Braunfels"]
[Date "2019.06.21"]
[Round "2.28"]
[White "Sokalskaja, Elena"]
[Black "Gressmann, Hanna"]
[Result "1/2-1/2"]
[ECO "A41"]
[WhiteElo "2014"]
[BlackElo "1840"]
[Annotator "NA RC"]
[PlyCount "86"]
[EventDate "2019.06.20"]
[EventType "team-tourn"]
[EventCountry "GER"]
[SourceTitle "playchess.com"]
[Source "ChessBase"]
[SourceQuality "1"]
[WhiteTeam "NRW"]
[BlackTeam "Schleswig Holstein"]
[TimeControl "40/5400+30:1800+30"]

1. d4 d6 2. Nf3 Nf6 3. g3 Nbd7 4. Bg2 c6 5. c4 e5 6. dxe5 dxe5 7. O-O Qc7 8. Nc3 Be7 9. Qc2 h6 10. b3 O-O 11. Bb2 Re8 12. Rfd1 Bf8 13. e3 a5 14. a3 g6 15. Nh4 Qb6 16. Na4 Qc7 17. c5 Bg7 18. Rd2 Rb8 19. Bc3 Ra8 20. Rad1 b5 21. cxb6 Nxb6 22. Nc5 Nbd5 23. Bb2 Qe7 24. e4 Nb6 25. Rd6 Qc7 26. R6d2 Nbd7 27. Na4 Bb7 28. Bh3 Nf8 29. Nc5 Bc8 30. Bxc8 Raxc8 31. Nf3 N6h7 32. Qc4 Ng5 33. Nxg5 hxg5 34. Rd6 Red8 35. Rxd8 Rxd8 36. Rxd8 Qxd8 37. Nd3 Qd6 38. b4 axb4 39. Nxb4 c5 40. Qd5 Qc7 41. Qc6 Qa5 42. Nd3 Qd2 43. Qd5 g4 1/2-1/2

[Event "DFMMLV 2019"]
[Site "Braunfels"]
[Date "2019.06.21"]
[Round "2.29"]
[White "Franzenburg, Maria"]
[Black "Schmidt, Andrea"]
[Result "0-1"]
[ECO "A02"]
[WhiteElo "1860"]
[BlackElo "2006"]
[Annotator "NA RC"]
[PlyCount "90"]
[EventDate "2019.06.20"]
[EventType "team-tourn"]
[EventCountry "GER"]
[SourceTitle "playchess.com"]
[Source "ChessBase"]
[SourceQuality "1"]
[WhiteTeam "Schleswig Holstein"]
[BlackTeam "NRW"]
[TimeControl "40/5400+30:1800+30"]

1. f4 Nf6 2. Nf3 Nc6 3. g3 d6 4. Bg2 g6 5. O-O Bg7 6. d3 Bg4 7. Qe1 Qc8 8. e4 Bxf3 9. Bxf3 Nd4 10. Na3 Nxf3+ 11. Rxf3 Qh3 12. Qf1 Qxf1+ 13. Rxf1 a6 14. c3 O-O 15. Nc2 e6 16. Bd2 Nd7 17. Rf3 f5 18. exf5 exf5 19. Re1 Rfe8 20. Rfe3 Kf7 21. Rxe8 Rxe8 22. Rxe8 Kxe8 23. Be3 Ke7 24. Kf2 Nf6 25. h3 Nd7 26. Kf3 d5 27. Ke2 Ke6 28. Kd2 c5 29. a4 Bf6 30. Ne1 d4 31. cxd4 cxd4 32. Bf2 Nc5 33. Nc2 Nxa4 34. Nxd4+ Kd5 35. b3 Nc5 36. Kc3 Nd7 37. g4 Nb8 38. Kc2 Bxd4 39. Bg3 Nc6 40. Bh4 b5 41. Bg5 Be3 42. Kc3 b4+ 43. Kc2 Nd4+ 44. Kb2 Ne6 45. Be7 Bc5 0-1

[Event "DFMMLV 2019"]
[Site "Braunfels"]
[Date "2019.06.21"]
[Round "2.30"]
[White "Hiebsch, Catalina"]
[Black "Mundt, Alexandra"]
[Result "1-0"]
[ECO "C42"]
[WhiteElo "1760"]
[BlackElo "1797"]
[Annotator "NA RC"]
[PlyCount "31"]
[EventDate "2019.06.20"]
[EventType "team-tourn"]
[EventCountry "GER"]
[SourceTitle "playchess.com"]
[Source "ChessBase"]
[SourceQuality "1"]
[WhiteTeam "NRW"]
[BlackTeam "Schleswig Holstein"]
[TimeControl "40/5400+30:1800+30"]

1. e4 e5 2. Nf3 Nf6 3. Nc3 Bb4 4. Bc4 d6 5. d3 h6 6. Bd2 Bg4 7. a3 Ba5 8. h3 Bh5 9. g4 Bg6 10. Nh4 Nxe4 11. Nxg6 Nxc3 12. Qf3 d5 13. Nxh8 Qd7 14. Bb3 Ne4 15. Bxa5 Nf6 16. Qf5 1-0

[Event "DFMMLV 2019"]
[Site "Braunfels"]
[Date "2019.06.21"]
[Round "2.31"]
[White "Freter, Anke"]
[Black "Hoerhold, Karola"]
[Result "1/2-1/2"]
[ECO "C71"]
[WhiteElo "1856"]
[BlackElo "1727"]
[Annotator "NA RC"]
[PlyCount "67"]
[EventDate "2019.06.20"]
[EventType "team-tourn"]
[EventCountry "GER"]
[SourceTitle "playchess.com"]
[Source "ChessBase"]
[SourceQuality "1"]
[WhiteTeam "Schleswig Holstein"]
[BlackTeam "NRW"]
[TimeControl "40/5400+30:1800+30"]

1. e4 e5 2. Nf3 Nc6 3. Bb5 a6 4. Ba4 d6 5. d4 b5 6. Bb3 Nxd4 7. Nxd4 exd4 8. Bd5 Rb8 9. Bc6+ Bd7 10. Bxd7+ Qxd7 11. Qxd4 Ne7 12. O-O Nc6 13. Qd1 Be7 14. Nc3 O-O 15. Nd5 Rfe8 16. Be3 Bf8 17. f3 Ne5 18. b3 c6 19. Nf4 f6 20. Qd2 Qb7 21. a4 b4 22. a5 Rbd8 23. Ra4 d5 24. exd5 cxd5 25. Bb6 Rd7 26. Rd1 d4 27. Qf2 Qc6 28. Ra2 Rb8 29. Qe2 Re8 30. Kf1 Bc5 31. Bxc5 Qxc5 32. Qd2 Nc6 33. Nd3 Qh5 34. h3 1/2-1/2

[Event "DFMMLV 2019"]
[Site "Braunfels"]
[Date "2019.06.21"]
[Round "2.32"]
[White "Haehnel, Andrea"]
[Black "Braeutigam, Katerina"]
[Result "0-1"]
[ECO "E15"]
[WhiteElo "1746"]
[BlackElo "1697"]
[Annotator "NA RC"]
[PlyCount "80"]
[EventDate "2019.06.20"]
[EventType "team-tourn"]
[EventCountry "GER"]
[SourceTitle "playchess.com"]
[Source "ChessBase"]
[SourceQuality "1"]
[WhiteTeam "NRW"]
[BlackTeam "Schleswig Holstein"]
[TimeControl "40/5400+30:1800+30"]

1. d4 Nf6 2. c4 e6 3. Nf3 b6 4. g3 Bb7 5. Bg2 c5 6. O-O d5 7. cxd5 Bxd5 8. Nc3 Bb7 9. Bf4 Nc6 10. Nb5 Rc8 11. dxc5 Bxc5 12. Qxd8+ Rxd8 13. Ne5 Nxe5 14. Bxb7 Ng6 15. Bc6+ Ke7 16. Bc7 Rd2 17. Nxa7 Rxb2 18. a4 Rxe2 19. Bf3 Rc2 20. Rad1 Ne8 21. Nc6+ Kf8 22. Rd8 f6 23. Kh1 Ne7 24. Nb8 Kf7 25. Rfd1 Rxf2 26. Bc6 Rg8 27. Bf4 g5 28. Bc1 Ng7 29. Rxg8 Kxg8 30. Na6 Nxc6 31. Nxc5 bxc5 32. Be3 Ra2 33. Rd6 Ne5 34. Bxc5 Nf3 35. Rd8+ Kf7 36. Bg1 Ra1 37. Kg2 Nxg1 38. Rd2 g4 39. a5 Nf3 40. Rd7+ Kg6 0-1